 Dungeon Crawl Stone Soup version 0.21.0-3-g78d12a8 (webtiles) character file.

28 tidbits the Sneak (level 3, -7/18 HPs)
             Began as a Vine Stalker Air Elementalist on Jan 10, 2018.
             Killed by nerve-wracking pain
             ... invoked by an orc priest
              (13 damage)
             ... on level 3 of the Dungeon.
             The game lasted 00:02:49 (385 turns).

tidbits the Sneak (Vine Stalker Air Elementalist)    Turns: 385, Time: 00:02:50

Health: -7/18      AC:  2    Str: 11    XL:     3   Next: 12%
Magic:  0/7        EV: 12    Int: 15    God:
Gold:   24         SH:  0    Dex: 14    Spells: 5/6 levels left

rFire    . . .     SeeInvis .   l - +0 trident
rCold    . . .     Gourm    .   (no shield)
rNeg     . . .     Faith    .   a - +0 robe
rPois    .         Spirit   +   (no helmet)
rElec    .         Reflect  .   (no cloak)
rCorr    .         Harm     .   (no gloves)
MR       .....                  (no boots)
Stlth    ++........             (no amulet)
HPRegen  0.06/turn              (no ring)
MPRegen  0.10/turn              (no ring)

@: very slightly contaminated
A: fangs 2, magic shield, antimagic bite, no potion heal 3, rot immunity
a: no special abilities


You were on level 3 of the Dungeon.
You were not hungry.

You visited 1 branch of the dungeon, and saw 4 of its levels.

You collected 24 gold pieces.

Inventory:

Hand Weapons
 l - a +0 trident (weapon)
Missiles
 e - 13 arrows
 i - 6 javelins (quivered)
Armour
 a - a +0 robe (worn)
Scrolls
 d - 3 scrolls of teleportation {unknown}
 h - a scroll of noise {unknown}
 k - a scroll of magic mapping {unknown}
Potions
 f - a potion of mutation {unknown}
 j - a potion of cancellation {unknown}
Books
 b - a book of Air

   Spells                             Type                      Level
   a - Shock                          Conjuration/Air              1
   b - Swiftness                      Charms/Air                   2
   c - Static Discharge               Conjuration/Air              3
   d - Airstrike                      Air                          4
   e - Lightning Bolt                 Conjuration/Air              5
Comestibles
 c - 6 rations
 g - 2 chunks of flesh


   Skills:
 + Level 1.5 Fighting
 - Level 1.5 Dodging
 + Level 3.6 Stealth
 - Level 2.1 Spellcasting
 - Level 1.0 Conjurations
 - Level 3.0 Air Magic


You had 5 spell levels left.
You knew the following spells:

 Your Spells              Type           Power        Failure   Level  Hunger
a - Shock                 Conj/Air       #...         10%         1    #......


Dungeon Overview and Level Annotations

Branches:
Dungeon (4/15)
 Temple: D:4-7

Altars:

Annotations:
D:3 nuthulu's ghost, amateur GrFi


Innate Abilities, Weirdness & Mutations

You have extremely sharp teeth.
When hurt, damage is shared between your health and your magic reserves.
Your bite disrupts and absorbs the magic of your enemies.
Potions cannot restore your health.
You are immune to rotting.


Message History

You have reached level 3!
Your experience leads to an increase in your attributes!
Increase (S)trength, (I)ntelligence, or (D)exterity?
You feel stronger.
You climb downwards.
Found a stone staircase leading down.
There is a stone staircase leading up here.
Unknown command.
Nuthulu's ghost (amateur Gargoyle Fighter) comes into view.
There is a stone staircase leading down here.
You climb downwards.
You hear the sound of rushing water.
There is an entrance to a sewer on this level.
Hurry and find it before the portal rusts away!
A worm, an orc, an ogre and a skeleton come into view.
Found six items.
There is a stone staircase leading up here.
You climb upwards.
Level annotation: nuthulu's ghost, amateur GrFi
There is a stone staircase leading down here.
Unknown command.
Unknown command.
Your magical contamination has completely faded away.
A hobgoblin comes into view. It is wielding a club.
Attack whom?
Press: ? - help, Dir - move target cursor, f - hobgoblin
Aim: a hobgoblin, wielding a club (resting)
You reach to attack!
The helpless hobgoblin fails to defend itself.
You puncture the hobgoblin!
You kill the hobgoblin!
You see here a club.
Found a ration.
A kobold comes into view. It is wielding an enchanted dagger.
You see here a ration.
c - 6 rations (gained 1)
Found a stone staircase leading up.
The kobold hits you but does no damage.
You closely miss the kobold. The kobold hits you but does no damage.
The kobold hits you with an enchanted dagger.
An orc and an orc priest come into view.
Casting: Shock
Confirm with . or Enter, or press ? or * to list all spells.
Aiming: Shock
Press: ? - help, Shift-Dir - straight line The zap misses the kobold. x2
The orc shouts!
You hear a shout!
The kobold hits you with an enchanted dagger.
You hear a shout!
Casting: Shock
Confirm with . or Enter, or press ? or * to list all spells.
Aiming: Shock
Press: ? - help, Shift-Dir - straight line The zap misses the kobold.
The zap hits the orc.
The orc is lightly wounded.
The zap hits the orc.
The orc is heavily wounded.
The zap hits the kobold.
The kobold is severely wounded.
You hear a shout!
The kobold hits you with an enchanted dagger.
* * * LOW HITPOINT WARNING * * *
Casting: Shock
Confirm with . or Enter, or press ? or * to list all spells.
Aiming: Shock
Press: ? - help, Shift-Dir - straight line The zap misses the kobold.
The zap misses the orc.
The zap hits the orc.
The orc is severely wounded.
The zap hits the kobold.
You kill the kobold!
You closely miss the orc.
The orc is severely wounded.
The orc hits you with a whip.
* * * LOW HITPOINT WARNING * * *
Casting: Shock
Confirm with . or Enter, or press ? or * to list all spells.
Aiming: Shock
Press: ? - help, Shift-Dir - straight line The zap hits the orc.
You kill the orc!
The zap hits the orc priest.
The orc priest is moderately wounded.
The zap misses the orc priest.
Casting: Shock
Confirm with . or Enter, or press ? or * to list all spells.
Aiming: Shock
Press: ? - help, Shift-Dir - straight line You miscast Shock.
You are very lightly contaminated with residual magic.
You feel a strange surge of energy!
Casting: Shock
Confirm with . or Enter, or press ? or * to list all spells.
Aiming: Shock
Press: ? - help, Shift-Dir - straight line The zap hits the orc priest.
The orc priest is heavily wounded.
The zap misses the orc priest.
The orc priest calls down the wrath of Beogh upon you.
Pain shoots through your body!
Ouch! That really hurt!
You die...

#.# #.# #.#
#.# #.####
#..).#
####.#
###.#######
#..#.o)@..#
#.#.#####.#
#.#.# #
#.#.# #.#o#
#.#.# #.#oo
#.### #.#


You could see an orc priest.

Vanquished Creatures
  An adder (D:2)
  A leopard gecko (D:2)
  An orc (D:3)
  A ball python (D:1)
  A giant cockroach (D:1)
  3 goblins (D:2)
  2 hobgoblins
  2 kobolds
  A quokka (D:2)
  A frilled lizard (D:2)
  A rat (D:2)
15 creatures vanquished.

Notes
Turn   | Place    | Note
-------+----------+-------------------------------------------
     0 | D:1      | tidbits the Vine Stalker Air Elementalist began the quest for the Orb.
     0 | D:1      | Reached XP level 1. HP: 9/9 MP: 4/4
   154 | D:2      | Reached skill level 1 in Fighting
   154 | D:2      | Reached skill level 3 in Stealth
   154 | D:2      | Reached XP level 2. HP: 10/14 MP: 0/6
   328 | D:2      | Reached XP level 3. HP: 13/18 MP: 3/7
   333 | D:3      | Noticed nuthulu's ghost (amateur GrFi)
   337 | D:4      | Noticed an ogre
   385 | D:3      | Killed from afar by an orc priest

Skill      XL: |  1 |
---------------+----+-----
Fighting       | 1 |  1.5
Stealth        | 3 |  3.6
Dodging        | |  1.5
Spellcasting   | |  2.1
Conjurations   | |  1.0
Air Magic      | |  3.0

Action                   || total
-------------------------++-------
Melee: Unarmed           ||     6
       Trident           ||     7
       Bite              ||     1
 Cast: Shock             ||    23
 Stab: Sleeping          ||     1
Armor: Robe              ||     6
Dodge: Dodged            ||    13

Table legend:
 A = Turns spent in this place as a percentage of turns spent in the entire game.
 B = Non-inter-level travel turns spent in this place as a percentage of non-inter-level travel turns spent in the entire game.
 C = Inter-level travel turns spent in this place as a percentage of turns spent in this place.
 D = Turns resting spent in this place as a percentage of non-inter-level travel turns spent in this place.
 E = Turns spent auto-exploring this place as a percentage of non-inter-level travel turns spent in this place.
 F = Non-inter-level travel turns spent in this place divided by the number of levels of this place that you've seen.
                   A       B       C       D       E      F
               +-------+-------+-------+-------+-------+----------------------
         Total | 100.0 | 100.0 |   0.0 |   0.0 |   0.0 |  96.2
       Dungeon | 100.0 | 100.0 |   0.0 |   0.0 |   0.0 |  96.2
               +-------+-------+-------+-------+-------+----------------------

Table legend:
 A = Kills in this place as a percentage of kills in entire the game.
 B = Kills by you in this place as a percentage of kills by you in the entire game.
 C = Kills by friends in this place as a percentage of kills by friends in the entire game.
 D = Other kills in this place as a percentage of other kills in the entire game.
 E = Experience gained in this place as a percentage of experience gained in the entire game.
 F = Experience gained in this place divided by the number of levels of this place that you have seen.
                   A       B       C       D       E      F
               +-------+-------+-------+-------+-------+----------------------
         Total | 100.0 | 100.0 |   N/A |   N/A | 100.0 |  10.0
       Dungeon | 100.0 | 100.0 |   N/A |   N/A | 100.0 |  10.0
               +-------+-------+-------+-------+-------+----------------------

Vault maps used:
D:1:      matt_arrival_diagonals, minmay_misc_feat_encased,
          hangedman_decor_riveting
D:2:      first_ration, minivault_4, minivault_4
D:3:      chequers_ecumenical_altar_simple_redux, kennysheep_nondescript
D:4:      kennysheep_the_goblin_king, minmay_temple_entry_trees,
          gup_sewer_entry_bubbles, nicolae_tso_carved_into_rock
